AoeStats
← Le Soldat Rouge

Arabia

510270876Analyzed
1v1 RM · 1d ago on Sep 30, 2026· 16m 2s· 2 players
Game mode
Random Map
Map size
Tiny (2 player)
Population
200
Speed
Normal
Resources
Standard
Victory
Conquest
Starting age
Dark Age
Ending age
Imperial Age
RankedLock teamsTeams togetherTeam positionsShared explorationLock speedFull tech treeHidden civsTurbo modeCheats
Victory
Defeat
🇫🇷 Ethiopians · France
1686
+19
🇹🇼 Varangians · Taiwan
1760
-19
Le Soldat Rouge
6:18 Loom
9:11 Feudal Age
9:22 Man-at-Arms
9:49 Double-Bit Axe
12:10 Arson
14:59 Fletching
肉肉小狗
5:26 Loom
8:15 Feudal Age
8:55 Double-Bit Axe
Connection lost

Rejoining the realm…

Still unreachable

The connection could not be restored.

Session expired

The server has moved on; the page needs a fresh start.